Map: Frost LE

Players

blackxored - Winner!

  • Race: Zerg Zerg
  • League: Platinum

dre

  • Race: Protoss Protoss
  • League: Diamond

VOD

Have the link to the VOD?

Description

Time

  • Played on: June 26, 2016, 8:37 p.m.
  • Length: 10:52
Show
View Real Time Build Order
Export as new Build Order

blackxored Zerg - Winner!

Build Orders: Pool First 

Get SALT Encoding   

  12  0:02  Drone  
  13  0:11  Drone  
  14  0:21  Overlord  
  14  0:24  Extractor  
  14  0:25  Drone  
  15  0:41  Drone x2  
  17  0:47  Spawning Pool  
  17  0:49  Drone  
  17  0:58  Drone  
  18  1:11  Extractor  
  18  1:16  Hatchery  
  16  1:21  Drone x2  
  18  1:28  Drone  
  19  1:37  Queen  
  21  1:40  Overlord  
  21  1:56  Zergling x2  
  22  2:10  Zergling x2  
  22  2:14  Metabolic Boost  
  23  2:16  Queen  
  25  2:34  Hatchery  
  24  2:37  Drone  
  24  2:40  Queen  
  27  2:49  Drone x2  
  27  2:50  Drone  
  30  3:07  Pneumatized Carapace  
  30  3:08  Drone x2  
  30  3:09  Drone x2  
  34  3:14  Overlord  
  34  3:34  Drone  
  34  3:35  Drone x6  
  41  3:53  Lair  
  42  3:55  Drone x2  
  42  3:56  Drone x5  
  42  3:58  Extractor  
  42  4:01  Extractor  
  46  4:04  Queen  
  46  4:09  Extractor  
  46  4:36  Drone x3  
  49  4:42  Overlord x3  
  49  4:43  Overlord  
  49  4:54  Spire  
  49  4:55  Drone  
  49  5:06  Drone x3  
  49  5:07  Drone  
  53  5:10  Drone  
  53  5:11  Drone x7  
  61  5:21  Drone  
  61  5:22  Drone x6  
  68  5:28  Overlord x2  
  68  5:29  Overlord  
  68  5:35  Drone  
  69  5:36  Drone, Evolution Chamber  
  69  5:38  Evolution Chamber  
  69  5:39  Drone  
  69  5:40  Baneling Nest  
  68  5:43  Drone x3  
  68  5:46  Extractor  
  68  5:47  Extractor, Drone x4  
  73  5:50  Drone  
  73  5:56  Drone  
  75  5:58  Overlord x2  
  75  6:07  Mutalisk x2  
  75  6:08  Mutalisk x4  
  87  6:11  Zerg Flyer Weapons Level 1  
  87  6:15  Mutalisk x2  
  91  6:21  Mutalisk  
  93  6:33  Mutalisk x2  
  97  6:43  Hatchery  
  97  6:45  Zergling x22  
  106  6:59  Zergling x18  
  115  7:02  Zerg Melee Weapons Level 1, Zerg Ground Armor Level 1  
  115  7:05  Mutalisk  
  117  7:11  Mutalisk x2  
  121  7:16  Overlord x4  
  120  7:41  Baneling x7  
  120  7:42  Baneling x6  
  119  7:48  Zergling x2  
  119  7:49  Zergling x16  
  115  7:57  Drone x5  
  115  7:58  Drone  
  115  8:04  Zergling x4  
  108  8:08  Drone  
  109  8:16  Drone x2  
  111  8:23  Zergling x6  
  112  8:35  Mutalisk  
  112  8:36  Mutalisk x2  
  112  8:44  Mutalisk x3  
  112  8:45  Mutalisk x2  
  114  9:07  Mutalisk x2  
  114  9:08  Mutalisk x4  
  117  9:18  Zergling x6  
  115  9:31  Mutalisk x2  
  115  9:34  Zergling x2  
  115  9:35  Zergling x2  
  120  9:46  Zergling x8  
  120  9:50  Queen  
  120  9:51  Drone  
  125  10:05  Mutalisk x3  
  125  10:06  Mutalisk x3  
  137  10:13  Zergling x6  
  138  10:18  Zergling x4  
Show
View Real Time Build Order
Export as new Build Order

dre Protoss 

Build Orders:  

Get SALT Encoding   

  12  0:01  Probe (Chrono Boost)  
  13  0:11  Probe (Chrono Boost)  
  14  0:17  Pylon  
  14  0:22  Probe (Chrono Boost)  
  15  0:36  Probe (Chrono Boost)  
  16  0:46  Probe (Chrono Boost)  
  18  0:57  Probe (Chrono Boost)  
  18  1:07  Probe (Chrono Boost)  
  18  1:09  Nexus  
  19  1:18  Gateway  
  19  1:22  Probe (Chrono Boost)  
  20  1:32  Probe (Chrono Boost)  
  21  1:35  Assimilator  
  21  1:39  Assimilator  
  21  1:43  Probe (Chrono Boost)  
  22  1:49  Pylon  
  22  1:57  Pylon  
  22  2:02  Probe (Chrono Boost)  
  23  2:12  Probe (Chrono Boost)  
  24  2:21  Cybernetics Core  
  26  2:26  Probe (Chrono Boost)  
  26  2:27  Zealot  
  26  2:28  Probe (Chrono Boost)  
  28  2:36  Probe (Chrono Boost)  
  29  2:38  Probe (Chrono Boost)  
  30  2:44  Pylon  
  30  2:48  Probe (Chrono Boost)  
  30  2:49  Probe (Chrono Boost)  
  32  2:58  Robotics Facility  
  32  3:01  Mothership Core (Chrono Boost)  
  32  3:02  Warp Gate (Chrono Boost), Probe (Chrono Boost)  
  35  3:09  Stalker  
  35  3:12  Probe  
  38  3:22  Probe x2  
  40  3:33  Probe  
  40  3:34  Probe  
  40  3:38  Gateway  
  40  3:39  Zealot  
  44  3:41  Gateway  
  44  3:43  Probe  
  44  3:46  Probe  
  46  3:54  Probe  
  46  3:57  Observer  
  48  4:03  Probe  
  48  4:04  Probe, Assimilator  
  50  4:15  Probe, Zealot  
  50  4:16  Probe  
  54  4:18  Immortal  
  60  4:52  Nexus  
  58  4:53  Pylon  
  58  4:57  Gateway, Twilight Council  
  58  4:59  Gateway  
  58  5:00  Zealot, Stalker, Pylon  
  58  5:01  Pylon  
  58  5:05  Pylon  
  62  5:11  Pylon  
  62  5:19  Robotics Facility  
  62  5:22  Observer (Chrono Boost)  
  62  5:24  Forge  
  63  5:28  Assimilator  
  63  5:29  Probe  
  64  5:37  Pylon  
  64  5:40  Pylon  
  64  5:42  Observer (Chrono Boost)  
  65  5:48  Gateway  
  65  5:51  Charge (Chrono Boost)  
  65  5:54  Zealot  
  65  5:55  Zealot x2  
  71  6:01  Immortal  
  75  6:07  Photon Cannon  
  75  6:11  Pylon  
  75  6:16  Photon Cannon  
  75  6:18  Gateway  
  75  6:20  Probe x2  
  75  6:21  Pylon, Probe  
  78  6:32  Probe x2  
  79  6:33  Zealot x2  
  79  6:37  Zealot  
  79  6:39  Gateway  
  86  6:41  Probe  
  86  6:44  Probe  
  88  6:47  Probe  
  88  6:50  Protoss Ground Weapons Level 1 (Chrono Boost)  
  88  6:51  Probe  
  90  6:56  Immortal  
  94  7:08  Immortal  
  98  7:13  Zealot x2  
  98  7:15  Stalker  
  104  7:30  Gateway, Probe x2  
  104  7:32  Gateway, Observer  
  104  7:33  Stargate  
  104  7:36  Zealot  
  109  7:37  Zealot  
  111  7:47  Observer  
  111  7:51  Observer, Stalker x2  
  108  7:52  Blink  
  108  7:56  Templar Archives  
  97  7:58  Pylon  
  97  8:00  Stalker  
  97  8:01  Stalker  
  85  8:09  Photon Cannon  
  85  8:11  Stalker  
  87  8:17  Assimilator  
  87  8:18  Phoenix  
  87  8:19  Assimilator  
  89  8:25  Stargate  
  89  8:26  Pylon  
  88  8:33  Probe  
  83  8:34  Probe x2  
  83  8:36  Stalker x2  
  88  8:46  Probe  
  89  8:50  Probe  
  89  8:52  Probe  
  91  8:58  Probe  
  91  9:02  Stargate  
  92  9:04  Pylon, Probe  
  92  9:07  Stalker  
  92  9:08  Zealot, Pylon, Stalker  
  96  9:10  Stalker  
  96  9:15  Probe  
  96  9:16  Probe x2  
  82  9:26  Probe  
  82  9:28  Probe  
  82  9:29  Probe  
  82  9:30  Phoenix  
  85  9:36  Probe  
  85  9:37  Stalker  
  82  9:47  Probe x3  
  82  9:52  Phoenix  
  81  9:59  Probe  
  82  10:06  Phoenix x2  
  70  10:17  Phoenix  
Tags
 
Add a new tag
Caveats
  • Supply blocks, unpowered buildings, or Contaminate may cause inaccurate times.
  • Supply counts are checked every 10 seconds.